[Event "Early-Titled-Tuesday-Blitz-May-14-2024"]
[Site "Chess.com"]
[Date "2024.05.14"]
[Round "2"]
[White "KorolDimitriy75"]
[Black "BardArtem"]
[Result "0-1"]
[WhiteElo "2406"]
[BlackElo "2756"]
[TimeControl "180+1"]
[EndTime "8:18:44 PDT"]
[Termination "BardArtem won on time"]

1. d4 d5 2. c4 e6 3. Nc3 Nf6 4. Bg5 Be7 5. cxd5 Nxd5 6. Bxe7 Nxe7 7.
Nf3 O-O 8. g3 b6 9. Bg2 Bb7 10. O-O Nd7 11. Qc2 c5 12. Ng5 Nf5 13. Bxb7 Rb8 14. dxc5 Nxc5 15. Nxe6 fxe6 16. Bg2 Kh8 17.
Rad1 Qf6 18. Ne4 Nxe4 19. Bxe4 Nd4 20. Qd3 Rbd8 21. Qe3 e5 22. f4 Qh6 23. Kg2 Rde8 24. Rd3 Qh5 25. Rf2 Ne6 26. fxe5 Qxe5 27. Bf3 Qxe3 28. Rxe3 Nf4+ 29. gxf4 Rxe3 30. Kg3 g6 31. Rf1 Rc8 32. Rd1 Re7 33. Rd2 Rec7 34. a3 Rc2 35.
Rd7 R8c7 36. Rd8+ Kg7 37. b4 R2c3 38. Kf2 Rxa3 39. Bd5 Ra4 40. h3 Rxb4 41. e4 a5 42. e5 a4 43. h4 a3 44. Kg3 Rd4 45. Kg4 a2 46. h5 a1=Q 47. Kg5 h6+ 48. Kg4 Qg1+ 49.
Kh4 Rxf4+ 0-1

[Event "Early-Titled-Tuesday-Blitz-May-14-2024"]
[Site "Chess.com"]
[Date "2024.05.14"]
[Round "2"]
[White "lilleper1"]
[Black "bescmelasti"]
[Result "1-0"]
[WhiteElo "2913"]
[BlackElo "2617"]
[TimeControl "180+1"]
[EndTime "8:18:46 PDT"]
[Termination "lilleper1 won by resignation"]

1. e4 c5 2. Nf3 e6 3. g3 Nc6 4.
Bg2 Nf6 5. Nc3 d5 6. exd5 exd5 7. d4 cxd4 8. Nxd4 Bg4 9. Nde2 Bb4 10. O-O O-O 11. h3 Be6 12. Bg5 d4 13. Ne4 Be7 14. Bxf6 Bxf6 15. Nc5 Bc8 16. Nf4 Be7 17. Ncd3 Bd6 18.
Re1 Bf5 19. Qf3 Qd7 20. g4 Bxf4 21. Qxf4 Bxd3 22. cxd3 Rfe8 23. Be4 g6 24. Rac1 Rac8 25. Rc5 b6 26. Rcc1 Ne5 27. Rxc8 Qxc8 28. Rc1 Qd7 29.
Kg2 Kg7 30. a3 Qd6 31. h4 h6 32. g5 hxg5 33. hxg5 Rh8 34. Rc6 Qe7 35. Qf6+ Qxf6 36. gxf6+ Kh6 37. Rc7 Kg5 38. Rxa7 Rb8 39. Ra4 Rd8 40.
Rb4 Rd6 41. Rb5 Kxf6 42. b4 Ke6 43. f4 Nd7 44. a4 Nf6 45. Bf3 Kd7 46. a5 bxa5 47.
bxa5 Kc7 48. Rb7+ Kd8 49. Rxf7 Ra6 50. Bb7 Ra7 51. a6 Nh5 52. Kf3 Ke8 53. Rc7 Kf8 54. Rd7 Nf6 55. Rxd4 1-0

[Event "Early-Titled-Tuesday-Blitz-May-14-2024"]
[Site "Chess.com"]
[Date "2024.05.14"]
[Round "2"]
[White "edgarhay012"]
[Black "TigrVShlyape"]
[Result "0-1"]
[WhiteElo "2638"]
[BlackElo "2950"]
[TimeControl "180+1"]
[EndTime "8:18:47 PDT"]
[Termination "TigrVShlyape won by resignation"]

1. e4 c5 2. Nc3 e6 3. Nf3 a6 4. g3 b5 5. Bg2 Bb7 6. d4 cxd4 7.
Nxd4 Nc6 8. O-O Nxd4 9. Qxd4 Ne7 10. Bg5 Nc6 11. Qd2 f6 12. Be3 Ne5 13. Qe2 Nc4 14.
Bd4 e5 15. Be3 Nxe3 16. Qxe3 Qc7 17. Nd5 Bxd5 18. exd5 Rc8 19. c3 Bc5 20. Qd3 g6 21. a4 Rb8 22. axb5 axb5 23. Ra6 Bd6 24. Rfa1 O-O 25.
h4 Kg7 26. h5 Rb6 27. Ra7 Rb7 28. Qe3 Rfb8 29. h6+ Kf7 30. Rxb7 Rxb7 31. Bh3 Ke7 32. Qd3 Qc4 33. Bf1 Qxd3 34. Bxd3 f5 35. Ra8 e4 36.
Be2 Kf6 37. Rh8 b4 38. c4 Kg5 39. Rxh7 b3 40. Rh8 Be5 41. Re8 Bxb2 42. h7 Bd4 43. Bd1 b2 44. Bc2 b1=Q+ 45. Bxb1 Rxb1+ 46. Kg2 Rb2 47. h8=Q Rxf2+ 48. Kg1 Rd2+ 49. Kf1 Bxh8 50. Rxh8 Rc2 51. Rc8 Kg4 52. Ke1 e3 53. Re8 Kf3 54. Kd1 Rxc4 55. d6 Rd4+ 56. Ke1 Rxd6 57. g4 f4 58. g5 Ra6 59. Kd1 Ra1+ 60. Kc2 e2 61. Kd2 Rd1+ 62. Kc2 e1=Q 63. Rxe1 Rxe1 0-1

[Event "Early-Titled-Tuesday-Blitz-May-14-2024"]
[Site "Chess.com"]
[Date "2024.05.14"]
[Round "2"]
[White "vladislavkovalev"]
[Black "Kushch_Nikolai"]
[Result "1-0"]
[WhiteElo "2843"]
[BlackElo "2423"]
[TimeControl "180+1"]
[EndTime "8:18:47 PDT"]
[Termination "vladislavkovalev won on time"]

1. e4 c5 2. Nf3 e6 3. c3 d5 4.
exd5 exd5 5. d4 Nc6 6. Bb5 Bd6 7.
O-O Ne7 8. dxc5 Bxc5 9. Bg5 O-O 10. Nbd2 a6 11. Bd3 Qc7 12. Qc2 h6 13. Bh4 Bd6 14. Bg3 Bg4 15. Rfe1 Rac8 16. Qa4 Bxg3 17. hxg3 Bf5 18.
Bxf5 Nxf5 19. Nb3 Rfd8 20. Rad1 Nce7 21. Qg4 Qb6 22. Rd2 Qg6 23. Qxg6 Nxg6 24. Red1 Nge7 25. Ne5 Nd6 26. Re2 Kf8 27. Rde1 Rc7 28. Nd4 Ne4 29. g4 Rd6 30. f3 Nc5 31. Re3 f6 32. Nd3 Nxd3 33. Rxd3 Kf7 34. Rde3 Nc6 35. Nf5 Rd8 36. Re6 Ne5 37. Rb6 Nc4 38. Rb4 b5 39. a4 Rb8 40. b3 Nb2 41. Re2 Nd3 42. Rd4 Ne5 43. Rxd5 Rxc3 44. f4 Rc1+ 45. Kf2 Nxg4+ 46. Kg3 h5 47.
Rd7+ Kf8 48. Ree7 Nh6 49. Nxg7 bxa4 50. Ne6+ Kg8 51. Rg7+ 1-0

[Event "Early-Titled-Tuesday-Blitz-May-14-2024"]
[Site "Chess.com"]
[Date "2024.05.14"]
[Round "2"]
[White "FLYD"]
[Black "FollowRivers"]
[Result "0-1"]
[WhiteElo "1981"]
[BlackElo "2452"]
[TimeControl "180+1"]
[EndTime "8:18:48 PDT"]
[Termination "FollowRivers won by checkmate"]

1. e4 c5 2. Nf3 d6 3. d4 cxd4 4. Nxd4 Nf6 5. Nc3 g6 6. Be3 Nc6 7. f3 h5 8. Bc4 Bd7 9. Qd2 Bg7 10. O-O-O Rc8 11. Nxc6 bxc6 12. h3 Qa5 13. Bb3 c5 14.
e5 dxe5 15. Bg5 Rd8 16. Bxf6 Bxf6 17. Qd5 O-O 18. Ne4 Be6 19. Qxc5 Qa6 20. Nxf6+ exf6 21. Bxe6 Qxe6 22. Kb1 Rc8 23. Qd6 Qc4 24. Rd2 Rc6 25.
Qd7 Rfc8 26. Rc1 Ra6 27. b3 Qc3 28. Rd3 Qc5 29. Rd5 Qc3 30. Rd3 Qc5 31. g4 h4 32.
c4 Kg7 33. Rd5 Qa3 34. Rc2 Rb8 35. Rb5 Rab6 36. Rxb6 Rxb6 37. Qd5 Rd6 38. g5 Rxd5 39. gxf6+ Kxf6 40. cxd5 Kf5 41. Rd2 Qb4 42. Kc2 Qd6 43.
a4 Kf4 44. Rd3 f5 45. Kc3 e4 46. fxe4 fxe4 47. Rd4 Qc5+ 48. Rc4 Qxd5 49. b4 Qd3+ 50. Kb2 Qxc4 51. Ka3 e3 52. a5 a6 53. b5 Qxb5 54. Ka2 Qb4 55. Ka1 e2 56. Ka2 Ke4 57.
Ka1 e1=Q+ 58. Ka2 Qeb1# 0-1

[Event "Early-Titled-Tuesday-Blitz-May-14-2024"]
[Site "Chess.com"]
[Date "2024.05.14"]
[Round "2"]
[White "jasrom"]
[Black "aa175"]
[Result "0-1"]
[WhiteElo "2353"]
[BlackElo "2718"]
[TimeControl "180+1"]
[EndTime "8:18:50 PDT"]
[Termination "aa175 won on time"]

1. e4 e5 2. Nf3 Nf6 3. Nxe5 d6 4. Nf3 Nxe4 5. Nc3 Nxc3 6. dxc3 Be7 7. Be3 Nd7 8. Qd2 Nf6 9. Bd3 O-O 10. O-O-O d5 11.
h3 c6 12. g4 Ne4 13. Bxe4 dxe4 14. Ng5 Qa5 15. Kb1 Rd8 16. Qc1 Bxg5 17. Bxg5 Be6 18. b3 Rxd1 19. Rxd1 Qxc3 20. Qd2 Qxd2 21. Rxd2 f6 22. Be3 Kf7 23. Rd4 f5 24. gxf5 Bxf5 25. h4 Re8 26. Kb2 a6 27. a4 Kg6 28.
Rd6+ Re6 29. Rxe6+ Bxe6 30. Kc3 Kh5 31. Kd4 Kxh4 32.
Kxe4 Kg4 33. Ke5 Bf5 34. Bb6 Bxc2 35. b4 Bxa4 36. Kd6 h5 37. Kc7 g5 38. Kxb7 Bb5 39.
Bc7 Kf3 40. Bd8 Kg4 41. Be7 h4 0-1

[Event "Early-Titled-Tuesday-Blitz-May-14-2024"]
[Site "Chess.com"]
[Date "2024.05.14"]
[Round "2"]
[White "NelsonLinda"]
[Black "platy3"]
[Result "1-0"]
[WhiteElo "2612"]
[BlackElo "2856"]
[TimeControl "180+1"]
[EndTime "8:18:51 PDT"]
[Termination "NelsonLinda won on time"]

1. d4 Nf6 2. Nf3 e6 3. e3 b6 4. c4 Bb7 5. Bd3 Bb4+ 6. Nbd2 O-O 7. O-O Bxd2 8. Bxd2 d6 9. Qe2 Nbd7 10. Bc3 Qe7 11.
Nd2 c5 12. a3 Rac8 13. Rac1 Rfd8 14. b4 h6 15. Rfd1 Rc7 16. Bb2 Rdc8 17. dxc5 bxc5 18. Nb3 Bc6 19. bxc5 dxc5 20. Nd2 Rb8 21. Rb1 Rcb7 22. Bc3 Nb6 23. Be5 Rd8 24. Nb3 Ba4 25. Bc2 Rbd7 26.
Na5 Bxc2 27. Qxc2 Qe8 28. h3 Nh7 29. Kh2 Nf8 30. Bc3 Ng6 31. Kg1 Nh4 32. Kf1 Nf5 33. Ke2 Rxd1 34. Rxd1 Rd7 35. Rxd7 Qxd7 36. Qd1 Qc7 37. g4 Nh4 38. f4 Ng6 39. Qc2 Qc8 40.
Qb3 Qa8 41. Qb5 Qg2+ 42. Kd3 Qf1+ 43. Kc2 Qe2+ 44. Kb3 Qxe3 45. Qe8+ Nf8 46. Nc6 f6 47. Ne7+ Kh7 48. Qxf8 1-0

[Event "Early-Titled-Tuesday-Blitz-May-14-2024"]
[Site "Chess.com"]
[Date "2024.05.14"]
[Round "2"]
[White "IlanSchnaider"]
[Black "chess_sharparchitect"]
[Result "1-0"]
[WhiteElo "2707"]
[BlackElo "2308"]
[TimeControl "180+1"]
[EndTime "8:18:51 PDT"]
[Termination "IlanSchnaider won by checkmate"]

1. c4 e5 2. Nc3 Nf6 3. g3 c6 4. Bg2 d5 5. cxd5 cxd5 6. d4 exd4 7. Qxd4 Nc6 8. Qd1 d4 9. Ne4 Bb4+ 10. Bd2 Bxd2+ 11.
Qxd2 O-O 12. Nxf6+ Qxf6 13. Nf3 Bg4 14. O-O Rad8 15.
Qd3 Rfe8 16. Rfe1 h6 17. Rad1 a6 18. h3 Bf5 19. Qb3 b5 20. a4 Be6 21. Qc2 Nb4 22. Qd2 Nc6 23. axb5 axb5 24. Qd3 Bc4 25. Qd2 Rd6 26.
e3 d3 27. Nh2 Ne5 28. Qb4 Qg6 29.
b3 Bd5 30. Rd2 Bxg2 31. Kxg2 Rd7 32. Qxb5 Qe4+ 33. f3 Qf5 34. e4 Qg5 35. Red1 Qf6 36. Ng4 Nxg4 37. hxg4 Qd4 38. Qc4 Qb6 39. Rxd3 Rc7 40.
Qd4 Qc6 41. R3d2 Qb5 42. Qe3 Rce7 43. Rd5 Qb4 44. R1d2 Qxb3 45. Qxb3 Rxe4 46. fxe4 Rxe4 47. Rd8+ Kh7 48. Qd3 f5 49. gxf5 Re5 50. f6+ g6 51. Qd7+ Re7 52. Qxe7# 1-0

[Event "Early-Titled-Tuesday-Blitz-May-14-2024"]
[Site "Chess.com"]
[Date "2024.05.14"]
[Round "2"]
[White "Josgar05"]
[Black "dropstoneDP"]
[Result "1/2-1/2"]
[WhiteElo "2440"]
[BlackElo "2976"]
[TimeControl "180+1"]
[EndTime "8:18:51 PDT"]
[Termination "Game drawn by repetition"]

1. Nf3 Nf6 2. b3 c5 3. Bb2 Nc6 4. e3 g6 5. d4 cxd4 6. exd4 d5 7. Be2 Bg7 8. h3 O-O 9. O-O Bf5 10. a3 Rc8 11. Nbd2 Ne4 12. Re1 e6 13. Nf1 h5 14.
Ne3 Bh6 15. c4 dxc4 16. Nxc4 Bg7 17. Rc1 Qd7 18. Nfe5 Nxe5 19. Nxe5 Qe7 20. Bd3 Nd6 21. d5 Rxc1 22. Bxc1 Bxd3 23. Qxd3 exd5 24. Qxd5 Re8 25. Bf4 Qe6 26. Qxe6 Rxe6 27. Nf3 Ne4 28. Be3 a6 29. Bd4 Ng5 30. Rxe6 Nxf3+ 31. gxf3 fxe6 32.
Be3 Kf7 33. a4 Kf6 34. Kf1 Ke5 35. Ke2 Kd5 36. Kd3 Bf8 37. Bb6 Bc5 38. Bxc5 Kxc5 39. h4 Kb4 40. Kc2 e5 41. Kb2 a5 42. Kc2 Kc5 43.
Kc3 b5 44. axb5 Kxb5 45. Kd3 Kb4 46. Kc2 Kc5 47. Kc3 Kd5 48. Kd3 Kd6 49. Ke3 Kc5 50. Kd3 Kd5 51. Ke3 Kd6 52. Kd3 Kc5 53. Kc3 Kb5 54.
Kc2 Kb4 55. Kb2 Kc5 56. Kc3 1/2-1/2

[Event "Early-Titled-Tuesday-Blitz-May-14-2024"]
[Site "Chess.com"]
[Date "2024.05.14"]
[Round "2"]
[White "invisible_s0ul"]
[Black "MVM2008"]
[Result "1-0"]
[WhiteElo "2324"]
[BlackElo "2522"]
[TimeControl "180+1"]
[EndTime "8:18:51 PDT"]
[Termination "invisible_s0ul won by checkmate"]

1. d4 Nf6 2. c4 g6 3. Nc3 Bg7 4. e4 d6 5. f4 O-O 6. Nf3 c5 7. d5 b5 8. Bd3 e6 9. O-O exd5 10. cxd5 c4 11. Bc2 Re8 12. Re1 Ng4 13. Nxb5 f5 14. h3 fxe4 15. Bxe4 Qb6+ 16. Nbd4 Nf6 17. Bc2 Rxe1+ 18.
Qxe1 Na6 19. Kh2 Nb4 20. a3 Nxc2 21. Nxc2 Bf5 22. Ne3 Re8 23. Qb4 c3 24. bxc3 Ne4 25. Qxb6 axb6 26. Nxf5 gxf5 27. Bb2 Bxc3 28. Bxc3 Nxc3 29.
Nd4 Nxd5 30. Nxf5 Re2 31. Nxd6 Nxf4 32. Rg1 Kg7 33. Nf5+ Kf6 34. Ng3 Ra2 35. Ne4+ Ke5 36. Ng5 Kf5 37. Nxh7 Ke6 38. Ng5+ Kf5 39. Nf3 Ke4 40.
Ng5+ Kf5 41. Nf3 Rxa3 42. Nd4+ Ke4 43. Nb5 Ra2 44. Nd6+ Ke5 45. Nc4+ Kf5 46. Nxb6 Nd3 47. Rf1+ Kg5 48. Nd5 Ne5 49. Ne3 Re2 50. Rf5+ Kh4 51. Rxe5 Rxg2+ 52. Nxg2# 1-0

[Event "Early-Titled-Tuesday-Blitz-May-14-2024"]
[Site "Chess.com"]
[Date "2024.05.14"]
[Round "2"]
[White "HamedWafa4"]
[Black "wonderfultime"]
[Result "0-1"]
[WhiteElo "2662"]
[BlackElo "3059"]
[TimeControl "180+1"]
[EndTime "8:18:52 PDT"]
[Termination "wonderfultime won by resignation"]

1. e4 e5 2. Nf3 Nc6 3. d4 exd4 4. Nxd4 Bc5 5. Nb3 Bb6 6. Nc3 d6 7. Qe2 a5 8. a4 Nb4 9. Nb5 Ne7 10. c3 Nbc6 11. Be3 Bxe3 12. Qxe3 Be6 13. N3d4 Nxd4 14. cxd4 c6 15. Nc3 O-O 16. Bd3 Qb6 17. Rb1 d5 18. O-O dxe4 19. Qxe4 g6 20. Rfd1 Rad8 21. Bc2 Bf5 22. Qe2 Rxd4 23. Rxd4 Qxd4 24. Re1 Bxc2 25. Qxc2 Nf5 26. Rd1 Qe5 27. Qd3 Re8 28. g3 h5 29. h4 Re6 30. Kg2 Rd6 31. Qc2 Kf8 32. Rxd6 Qxd6 33. Qb3 Qb4 34. Qc2 Kg7 35. Qd2 Qd4 36. Qc2 Nh6 37. Ne4 Ng4 38. Ng5 Kg8 39.
Qe2 Qd5+ 40. Kg1 Ne5 41. f4 Ng4 42. Qe8+ Kg7 43. Qe2 Qd4+ 44. Kg2 Qxa4 45. Qe7 Qc2+ 46. Kf3 Qf2+ 47. Ke4 Qe1+ 0-1

[Event "Early-Titled-Tuesday-Blitz-May-14-2024"]
[Site "Chess.com"]
[Date "2024.05.14"]
[Round "2"]
[White "ninguno46"]
[Black "chito89"]
[Result "0-1"]
[WhiteElo "2553"]
[BlackElo "2795"]
[TimeControl "180+1"]
[EndTime "8:18:52 PDT"]
[Termination "chito89 won by resignation"]

1. Nf3 Nf6 2. d4 e6 3. Bg5 h6 4.
Bh4 d6 5. h3 b6 6. Nbd2 Bb7 7. e3 Nbd7 8. Bd3 g5 9. Bg3 Rg8 10. Qe2 a6 11. O-O-O b5 12. Kb1 c5 13. c3 Qb6 14. e4 Rc8 15. e5 c4 16. Bc2 dxe5 17.
Nxe5 Bxg2 18. Rhe1 Bd5 19. Ne4 b4 20. Nxf6+ Nxf6 21. Ba4+ Kd8 22. Nxf7+ Ke7 23. Nd6 Rd8 24. Nxc4 Qb7 25.
Ne3 Be4+ 26. Ka1 Kf7 27. Bb3 bxc3 28. bxc3 Rg6 29. Nc4 Rd5 30. Ne5+ Rxe5 31. dxe5 Bf3 32. Qd3 Bxd1 33. Rxd1 Nh5 34. Qd7+ Qxd7 35. Rxd7+ Ke8 36. Ra7 g4 37. Ba4+ Kd8 38. Rd7+ Kc8 39. hxg4 Rxg4 40.
Rf7 Ba3 41. Bd1 Re4 42. Kb1 Nxg3 43. Kc2 Nf5 44. Bf3 Rf4 45. Bb7+ Kb8 46. Bxa6 Ne3+ 47.
Kb3 Rxf7 48. fxe3 Bc5 49. Bc4 Bxe3 50. Bxe6 Re7 51. Bd5 Rxe5 52. c4 h5 53. Kc2 h4 54.
Kd3 h3 55. Ke2 h2 56. Kf1 Rxd5 0-1

[Event "Early-Titled-Tuesday-Blitz-May-14-2024"]
[Site "Chess.com"]
[Date "2024.05.14"]
[Round "2"]
[White "Khromkin"]
[Black "ChessSwole"]
[Result "1-0"]
[WhiteElo "2387"]
[BlackElo "2606"]
[TimeControl "180+1"]
[EndTime "8:18:52 PDT"]
[Termination "Khromkin won by checkmate"]

1. d4 d5 2. c4 dxc4 3. Nf3 Nf6 4. e3 e6 5. Bxc4 a6 6. O-O c5 7. Qe2 b5 8. Bb3 Bb7 9. a4 c4 10. Bc2 Nbd7 11. e4 Be7 12. Nbd2 Rc8 13. axb5 axb5 14.
e5 Nd5 15. Ne4 h6 16. Ng3 c3 17. Nh5 Bf8 18. Qxb5 Bc6 19. Qe2 g6 20. Ng3 cxb2 21. Bxb2 Nf4 22. Qd2 g5 23. Ne4 Be7 24. Ba3 Kf8 25.
Nd6 Rb8 26. Be4 Bxe4 27. Nxe4 Kg7 28. g3 Nd5 29. Bxe7 Qxe7 30. Ra7 Rb3 31. Nc5 Rxf3 32.
Rxd7 Qe8 33. Qe2 Rf5 34. Ra1 Rf8 35. Raa7 Kg8 36. Qe4 Qc8 37. Nxe6 Qc1+ 38. Kg2 Ne3+ 39. Qxe3 Qc6+ 40. d5 Qc4 41. Nxf8 Kxf8 42. e6 Rxd5 43. Rxd5 Qxd5+ 44. Qf3 Qxe6 45. Ra8+ Kg7 46. Qc3+ f6 47. Ra7+ Kg8 48. Qd3 Qc6+ 49. Qf3 Qe6 50. Qa8+ Qe8 51. Qxe8# 1-0

[Event "Early-Titled-Tuesday-Blitz-May-14-2024"]
[Site "Chess.com"]
[Date "2024.05.14"]
[Round "2"]
[White "FormerProdigy"]
[Black "sergeikim"]
[Result "1-0"]
[WhiteElo "2991"]
[BlackElo "2652"]
[TimeControl "180+1"]
[EndTime "8:18:53 PDT"]
[Termination "FormerProdigy won on time"]

1. e4 e5 2. Nf3 Nc6 3. Bc4 Bc5 4.
a4 Nf6 5. d3 d6 6. c3 a6 7. Bg5 Ba7 8. Nbd2 h6 9. Bh4 g5 10.
Bg3 Nh5 11. Nxe5 Nxe5 12. Bxe5 dxe5 13. Qxh5 Qf6 14. Qf3 Qxf3 15. Nxf3 f6 16. h3 Bd7 17. a5 O-O-O 18. Ke2 Rde8 19. Nd2 h5 20.
Nf1 f5 21. exf5 Bxf5 22. Ng3 Bg6 23. f3 h4 24. Nf1 c6 25. Nd2 Kc7 26. b4 Rhf8 27.
Rad1 Rd8 28. Rhe1 Rf4 29. Ne4 Bxe4 30. dxe4 Rff8 31. Be6 Rfe8 32. Bf5 Rf8 33. Rxd8 Rxd8 34. Rb1 Rd6 35. Rc1 Rd8 36. c4 Bd4 37. b5 Kd6 38.
Rb1 Kc5 39. bxa6 bxa6 40. Rb6 Rd6 41. Rxa6 Kxc4 42. Ra8 c5 43. a6 Rb6 44. a7 Rb2+ 45. Kf1 Kd3 46. Rb8 Rf2+ 47. Ke1 Re2+ 48. Kd1 1-0

[Event "Early-Titled-Tuesday-Blitz-May-14-2024"]
[Site "Chess.com"]
[Date "2024.05.14"]
[Round "2"]
[White "AnnaChessLook"]
[Black "Antosha_Chekhonte"]
[Result "0-1"]
[WhiteElo "2352"]
[BlackElo "2567"]
[TimeControl "180+1"]
[EndTime "8:18:54 PDT"]
[Termination "Antosha_Chekhonte won by resignation"]

1. d4 Nf6 2. c4 e6 3. Nf3 d5 4. Nc3 Be7 5. Bf4 O-O 6. e3 b6 7.
Qc2 Ba6 8. Ne5 c5 9. Rd1 cxd4 10. exd4 dxc4 11. Bxc4 Bxc4 12. Nxc4 Nc6 13. Be3 Rc8 14. O-O Qc7 15. Qe2 Rfd8 16. b3 Bb4 17. Nb5 Qb8 18. a3 Be7 19. Qf3 Nd5 20. Bc1 a6 21. Nc3 Nxc3 22.
Qxc3 b5 23. Na5 Nxd4 24. Qe3 Nf5 25. Qf3 Qb6 26. b4 Bf6 27. h3 h6 28. Qg4 Kh7 29.
Qe4 Rd4 30. Qb1 Rcd8 31. Be3 Rxd1 32. Bxb6 Rxb1 33. Rxb1 Rd3 34. g4 Nh4 35. Be3 Rxa3 36. Nc6 Nf3+ 37. Kg2 Ne5 38. Nb8 Nc4 39. Bc5 Ra2 40.
Rd1 Kg6 41. Rd7 Nd2 42. Ra7 Ne4 43. Be3 Bg5 44. Bxg5 Rxf2+ 45. Kg1 hxg5 46. Nxa6 Rf3 47. Nc7 Rxh3 48. Nxb5 Rg3+ 49. Kh2 Rxg4 50. Nc3 Nxc3 51. Rc7 Nd5 52. Rc4 Rxc4 0-1

[Event "Early-Titled-Tuesday-Blitz-May-14-2024"]
[Site "Chess.com"]
[Date "2024.05.14"]
[Round "2"]
[White "Zq1"]
[Black "ContrVersia"]
[Result "0-1"]
[WhiteElo "2616"]
[BlackElo "2911"]
[TimeControl "180+1"]
[EndTime "8:18:55 PDT"]
[Termination "ContrVersia won by resignation"]

1. d4 Nf6 2. c4 e6 3. g3 d5 4.
Bg2 dxc4 5. Qa4+ Nbd7 6. Nd2 c6 7. Qxc4 e5 8. Ngf3 Bd6 9. O-O O-O 10. dxe5 Nxe5 11.
Nxe5 Bxe5 12. Nf3 Bc7 13. Bf4 Be6 14. Bxc7 Bxc4 15. Bxd8 Raxd8 16. Rfe1 a5 17. b3 Be6 18. e3 Bd5 19. Rac1 Rfe8 20. Nd4 Bxg2 21. Kxg2 Nd5 22. Rc5 Ra8 23. a3 g6 24. Rec1 Kg7 25. Ne2 Nc7 26. h4 Ne6 27. R5c4 Red8 28. Nf4 Nxf4+ 29. gxf4 Rd3 30.
R1c3 Rad8 31. Kf3 Kf6 32. a4 R8d5 33. Rxd3 Rxd3 34. b4 axb4 35. Rxb4 Rd7 36. a5 Ke6 37. Ke4 f5+ 38. Kf3 c5 39. Rb6+ Kd5 40. h5 Kc4 41.
hxg6 hxg6 42. Rxg6 Kb4 43. a6 bxa6 44. Rxa6 c4 45. Rb6+ Ka3 46. e4 Rd3+ 47. Ke2 fxe4 48. f5 c3 49. Ra6+ Kb2 50. Rb6+ Kc1 51. f6 c2 52. Rb4 Rf3 53. Rxe4 Rxf6 54. Rb4 Re6+ 55. Kf3 Kd2 56. Rd4+ Kc3 57. Rd8 Rc6 0-1

[Event "Early-Titled-Tuesday-Blitz-May-14-2024"]
[Site "Chess.com"]
[Date "2024.05.14"]
[Round "2"]
[White "tomesao"]
[Black "HighLawView"]
[Result "1-0"]
[WhiteElo "2466"]
[BlackElo "2108"]
[TimeControl "180+1"]
[EndTime "8:18:55 PDT"]
[Termination "tomesao won by resignation"]

1. Nf3 d5 2. c4 c6 3. e3 Nf6 4.
Nc3 Bf5 5. Qb3 Qb6 6. Qxb6 axb6 7. cxd5 cxd5 8. Nd4 Bd7 9. f4 e6 10. Be2 Nc6 11. Ndb5 Rc8 12. g4 Bb4 13. g5 Ne4 14. Nxe4 dxe4 15. a3 Be7 16. b4 h6 17. gxh6 Rxh6 18.
Bb2 f6 19. h4 Kf7 20. Kf2 Rch8 21. h5 e5 22. Bc4+ Kf8 23. fxe5 Nxe5 24. Bxe5 fxe5 25. Nc3 Rxh5 26. Rxh5 Rxh5 27. Nxe4 Bf5 28. Ng3 Rg5 29. Rh1 Bf6 30. Rh8+ Ke7 31. Nxf5+ Rxf5+ 32. Ke2 Kd6 33. e4 Rf4 34. Bd5 Kc7 35. Ra8 Rg4 36.
Ra7 Rg3 37. Rxb7+ Kc8 38. a4 Ra3 39. Ra7 Bg5 40. d3 Rc3 41. a5 bxa5 42. bxa5 Ra3 43.
a6 Rc3 44. Ra8+ Kc7 45. Bc4 Kb6 46. Rf8 Ra3 47. Kf3 Ka7 48. Kg4 Be7 49. Rf7 Kb6 50. Rxe7 Ra1 51. Rb7+ Kc6 52. Bd5+ Kc5 53. a7 Rg1+ 54. Kf5 Ra1 55. Rc7+ Kd6 56. a8=Q g6+ 57. Kxg6 Rxa8 58. Bxa8 Kxc7 59. Bd5 Kd6 60. Kf6 Kc5 61. Kxe5 Kb6 62. d4 Kc7 63. Ke6 Kd8 64. e5 1-0

[Event "Early-Titled-Tuesday-Blitz-May-14-2024"]
[Site "Chess.com"]
[Date "2024.05.14"]
[Round "2"]
[White "Raud100"]
[Black "ImportedItalianMaple"]
[Result "0-1"]
[WhiteElo "2355"]
[BlackElo "2591"]
[TimeControl "180+1"]
[EndTime "8:18:56 PDT"]
[Termination "ImportedItalianMaple won by resignation"]

1. d4 g6 2. e4 Bg7 3. Nc3 d5 4. exd5 Nf6 5. Bc4 Nbd7 6. Qf3 Nb6 7. Bb3 a5 8. a3 a4 9. Ba2 Bg4 10. Qg3 Bf5 11. Bb1 Nbxd5 12. Nxd5 Qxd5 13. Nf3 O-O 14. O-O c6 15. c3 Bxb1 16. Rxb1 Rac8 17. Re1 Ne4 18. Qh4 f5 19. Qxe7 Bf6 20. Qb4 b5 21. Bh6 Rfe8 22. h4 Be7 23. Qa5 Bd6 24. Ne5 Bxe5 25.
dxe5 Qxe5 26. f3 Qg3 27. fxe4 Qxh4 28. Bd2 Rcd8 29. Rbd1 Rxd2 30. Rf1 Rxb2 31. Qc7 Qxe4 32. Qh2 Qe2 33. Kh1 h5 34. Qg3 Qg4 35. Qxg4 hxg4 36. Rd6 Kf7 37. Rxc6 Ree2 38. Rg1 Rb3 39. Rd1 Rxa3 40.
Rd7+ Re7 41. Rdd6 Rb3 42. Rf6+ Ke8 43. Rxg6 Kd7 44. Ra6 a3 45. Ra7+ Ke8 46. Rga6 Kf7 47. Kh2 Rxc3 48. Rxa3 Rxa3 49. Rxa3 Rb7 50. Rb3 b4 51. Kg3 Ke6 52. Kf4 Rb5 53. g3 Kf6 54. Ke3 Ke5 55. Kd3 Kd5 56. Rb1 b3 57. Kc3 b2 58.
Kc2 Kc4 59. Kd2 Kb3 60. Kd3 Rd5+ 61. Ke2 Kc2 0-1

[Event "Early-Titled-Tuesday-Blitz-May-14-2024"]
[Site "Chess.com"]
[Date "2024.05.14"]
[Round "2"]
[White "TheoSlade"]
[Black "agvega14"]
[Result "0-1"]
[WhiteElo "2454"]
[BlackElo "2149"]
[TimeControl "180+1"]
[EndTime "8:18:56 PDT"]
[Termination "agvega14 won on time"]

1. d4 d5 2. c4 e6 3. Nf3 Nf6 4. g3 Be7 5. Bg2 O-O 6. O-O dxc4 7. Qc2 a6 8. a4 Nc6 9. Qxc4 Bd7 10. Rd1 Nb4 11. Bd2 b5 12. Qc1 bxa4 13. Nc3 Rb8 14.
Nxa4 Bb5 15. Re1 Ne4 16. Ne5 Nxd2 17. Qxd2 c5 18. Nf3 c4 19. Nc3 Nd5 20. e4 Nxc3 21. bxc3 Bf6 22. e5 Be7 23. h4 Qc7 24. Ng5 h6 25. Ne4 Rfd8 26. Bf1 a5 27. Qe2 a4 28.
Qg4 Kh8 29. Be2 a3 30. Bd1 Bc6 31. Bc2 Bd5 32. Ng5 Bf8 33. Qh5 Rd7 34. f3 Kg8 35.
Bh7+ Kh8 36. Be4 Rb2 37. Bxd5 exd5 38. e6 fxe6 39. Nxe6 Qd6 40. Qe5 Qxe5 41. dxe5 Be7 42. Nf4 d4 43. Ng6+ Kg8 44. Nxe7+ Rxe7 45. cxd4 c3 46.
Rxa3 c2 47. Raa1 Reb7 48. d5 Rb1 49. d6 Rxa1 50. Rxa1 Rb1+ 51. Kf2 Rxa1 52. d7 Rd1 53. e6 Kf8 54. e7+ Kxe7 55. d8=Q+ Kxd8 0-1

[Event "Early-Titled-Tuesday-Blitz-May-14-2024"]
[Site "Chess.com"]
[Date "2024.05.14"]
[Round "2"]
[White "mapleaff"]
[Black "laboratorio25"]
[Result "0-1"]
[WhiteElo "2302"]
[BlackElo "2535"]
[TimeControl "180+1"]
[EndTime "8:18:57 PDT"]
[Termination "laboratorio25 won by resignation"]

1. e4 c5 2. Nf3 d6 3. Bb5+ Nd7 4. O-O a6 5. Bd3 g6 6. c3 Bg7 7.
Bc2 e6 8. d4 cxd4 9. cxd4 Ne7 10. Nc3 b5 11. Bf4 e5 12. dxe5 dxe5 13. Be3 Bb7 14. Nd5 Nxd5 15. exd5 O-O 16. a4 b4 17. Bb3 Rc8 18. Nd2 Nf6 19. d6 Qxd6 20. Nc4 Qxd1 21. Rfxd1 Bd5 22. Rac1 Be6 23. Na5 Bxb3 24. Nxb3 Rxc1 25.
Rxc1 Rd8 26. Bb6 Rd3 27. Nc5 Rd2 28. b3 Nd5 29. Ba5 Bf8 30. Ne4 Rb2 31. f3 f5 32.
Nc5 Nc3 33. Nd3 Ne2+ 34. Kf1 Nxc1 35. Nxb2 Nxb3 36. Bc7 e4 37. fxe4 fxe4 38. Nc4 Nc5 39. Ba5 Nxa4 40. Ke2 Bc5 41. Nd2 Nc3+ 42. Ke1 Kf7 43.
Nb3 Be3 44. Bxb4 Nd5 45. Ba5 Ke6 46. Ke2 Ke5 47. Bd8 Bg1 48. h3 Nf4+ 49. Kf1 Ba7 50. Bc7+ Kf5 51. g4+ Kg5 52. Nd2 Nxh3 53. Nxe4+ Kxg4 54. Nf6+ Kf5 55. Nxh7 Bc5 56. Bd8 Nf4 57. Ng5 Ne6 58.
Nxe6 Kxe6 59. Ke2 Kd5 60. Kd3 Bd6 61. Bg5 Bc7 62. Kc3 a5 63. Kb3 Kc6 64. Ka4 Kd5 65. Kb5 Ke4 66. Kc6 Bf4 67. Bf6 a4 68. Kb5 a3 69.
Kb4 Bd6+ 70. Kb3 Kf5 71. Bd8 g5 72. Ka2 g4 73. Bh4 Ke4 74. Bg3 Bxg3 0-1

[Event "Early-Titled-Tuesday-Blitz-May-14-2024"]
[Site "Chess.com"]
[Date "2024.05.14"]
[Round "2"]
[White "Alphafischer2019"]
[Black "DenLaz"]
[Result "0-1"]
[WhiteElo "2671"]
[BlackElo "3114"]
[TimeControl "180+1"]
[EndTime "8:18:59 PDT"]
[Termination "DenLaz won by resignation"]

1. Nf3 f5 2. d4 Nf6 3. Bf4 g6 4. e3 Bg7 5. Be2 d6 6. h3 O-O 7. O-O Nc6 8. c4 Ne4 9. Bh2 e5 10. dxe5 dxe5 11. Qc2 Qe7 12. Nbd2 Nxd2 13. Nxd2 Be6 14.
Rad1 Rad8 15. a3 a5 16. Nb1 e4 17. Nc3 Ne5 18. Nd5 Qf7 19. b3 g5 20. Nc3 h5 21.
Nb5 g4 22. h4 Qe7 23. Bxe5 Bxe5 24. g3 c6 25. Nd4 Bc8 26. c5 Kg7 27. Qc3 Qf6 28. Rd2 f4 29. gxf4 Qxh4 30. Ne6+ Bxe6 31. Qxe5+ Qf6 32. Qxf6+ Kxf6 33. Rfd1 Rxd2 34. Rxd2 Bxb3 35. Rb2 a4 36. Rd2 Ke7 37. Rd4 Rf5 38. Rxe4+ Kf6 39. Rb4 Rxc5 40. Rxb7 Rc2 41. Bd3 Rd2 42. Be4 h4 43.
Bxc6 Rd1+ 44. Kg2 Rd2 45. Rb6 Ke7 46. Be4 g3 47. Rb7+ Kd6 48. Rb6+ Kc5 49. Rc6+ Kb5 50. Kg1 gxf2+ 51. Kg2 h3+ 52. Kf1 Bc4+ 53. Rxc4 Kxc4 54. f5 Kc5 55. f6 Kd6 56. Bf5 h2 57. Be4 Rd1+ 58.
Kxf2 h1=Q 59. Bxh1 Rxh1 0-1